 Dungeon Sprint DCSS version 0.23.0 (webtiles) character file.

Game seed: 11543415599022729457

133 nuthulu the Covert (level 4, -5/23 HPs)
             Began as a Spriggan Assassin on Feb 18, 2019.
             Was a Follower of Dithmenos.
             Slain by an air elemental (8 damage)
             ... in the Dungeon (Sprint V: "Ziggurat Sprint").
             The game lasted 00:00:59 (131 turns).

nuthulu the Covert (Spriggan Assassin)               Turns: 131, Time: 00:01:00

Health: -5/23      AC:  3    Str:  7    XL:     4   Next: 94%
Magic:  5/5        EV: 18    Int: 12    God:    Dithmenos [*.....]
Gold:   0          SH:  0    Dex: 30    Spells: 3/3 levels left

rFire    . . .     SeeInvis +   I - +5 quick blade
rCold    . . .     Gourm    .   (shield restricted)
rNeg     . . .     Faith    .   c - +0 robe
rPois    .         Spirit   .   (helmet restricted)
rElec    .         Reflect  .   d - +0 cloak
rCorr    .         Harm     .   (gloves unavailable)
MR       .....     NoTele   +   (boots unavailable)
Stlth    +++++++...             (no amulet)
HPRegen  0.07/turn              C - +6 ring of dexterity
MPRegen  0.09/turn              D - +6 ring of dexterity

@: flying (expiring), wreathed by umbra, very quick
A: very small, unfitting armour, see invisible, herbivore, speed 3, slow
metabolism 2
a: Renounce Religion


You were in the Dungeon.
You worshipped Dithmenos.
Dithmenos was aware of your devotion.
You were not hungry.

You visited 1 branch

Inventory:

Hand Weapons
 a - a +2 dagger
 b - a +0 blowgun
 I - a +5 quick blade (weapon)
Missiles
 e - 8 poisoned needles
 f - 2 curare-tipped needles
Armour
 c - a +0 robe (worn)
 d - a +0 cloak (worn)
Jewellery
 C - a +6 ring of dexterity (left hand)
 D - a +6 ring of dexterity (right hand)
 E - a +6 ring of intelligence
 F - a +6 ring of intelligence
 G - a +6 ring of strength
 H - a +6 ring of strength
Wands
 z - a wand of disintegration (7)
 A - a wand of iceblast (7)
 B - a wand of acid (7)
Scrolls
 m - 4 scrolls of blinking
 t - 4 scrolls of amnesia
 u - 7 scrolls of fog
 v - a scroll of holy word
 w - 5 scrolls of identify
 x - 5 scrolls of remove curse
 y - 2 scrolls of fear
Potions
 h - 10 potions of curing
 i - 10 potions of heal wounds
 j - 6 potions of haste
 k - 7 potions of magic
 l - 3 potions of berserk rage
 n - 2 potions of brilliance
 o - 2 potions of invisibility
 p - 4 potions of resistance
 r - 5 potions of agility
 s - 4 potions of might
Comestibles
 g - 7 rations


   Skills:
 + Level 2.1 Fighting
 + Level 8.7 Short Blades
 + Level 2.7 Throwing
 + Level 2.1 Dodging
 * Level 12.4 Stealth


You had 3 spell levels left.
You didn't know any spells.
Your spell library was empty.

Dungeon Overview and Level Annotations

Branches:
Dungeon (1/1)

Altars:
Ashenzari
Cheibriados
Dithmenos
Elyvilon
Fedhas
Gozag
Hepliaklqana
Kikubaaqudgha
Makhleb
Nemelex Xobeh
Okawaru
Qazlal
Ru
Sif Muna
Trog
Uskayaw
Vehumet
Wu Jian
Xom
Yredelemnul
Zin
The Shining One
Beogh
Jiyva
Lugonu

Annotations:
D 1 transporter


Innate Abilities, Weirdness & Mutations

You are very small and have problems with some larger weapons.
You are too small for most types of armour.
You have supernaturally acute eyesight. (SInv)
You are a herbivore.
You cover ground extremely quickly.
You need to consume almost no food.


Message History

The air elemental misses you.
You miss the air elemental. The air elemental closely misses you.
The air elemental misses you.
A vortex of raging winds appears around the air elemental! x2
The insubstantial wisp gives a chilling moan.
You hit the insubstantial wisp.
The insubstantial wisp is lightly damaged.
The air elemental misses you. The air elemental barely misses you.
You hit the insubstantial wisp.
The insubstantial wisp is moderately damaged.
The air elemental closely misses you.
You hit the insubstantial wisp.
The insubstantial wisp is moderately damaged.
The vortex of raging winds lifts you up.
You fly up into the air.
* * * LOW HITPOINT WARNING * * *
The insubstantial wisp is destroyed!
Your Stealth skill increases to level 12!
The air elemental misses you. The air elemental hits you!
You die...

▓▓▓▓▓▓▓▓▓▓▓▓▓
▓§8E8§▓.8©8.▓
▓§§E@§▓.....▓
▓§§§§§▓.|.).▓
▓§§.§§▓.....▓
▓...§.▓.....▓
▓.....▓..©..▓
▓..©..▓▓▓▓▓▓▓
▓▓▓▓▓▓▓


You could see 2 air elementals.

Vanquished Creatures
  A phantom (D)
  A bat skeleton (D)
2 creatures vanquished.

Vanquished Creatures (others)
  An insubstantial wisp (D)
1 creature vanquished.

Grand Total: 3 creatures vanquished

Notes
Turn   | Place    | Note
-------+----------+-------------------------------------------
     0 | D        | Found the +6 Majin-Bo {vamp, Archmagi MP+6 Int+6}
     0 | D        | Found the +7 great mace "Firestarter" {inner flame, rF++}
     0 | D        | nuthulu the Spriggan Assassin began the quest for the Orb.
     0 | D        | Reached XP level 1. HP: 10/10 MP: 2/2
     0 | D        | Found a deep blue altar of Sif Muna.
     0 | D        | Found a sacrificial altar of Ru.
     0 | D        | Found a bloodstained altar of Trog.
     0 | D        | Found a stormy altar of Qazlal.
     0 | D        | Found an iron altar of Okawaru.
     0 | D        | Found a sparkling altar of Nemelex Xobeh.
     0 | D        | Found a blossoming altar of Fedhas.
     2 | D        | Found a transporter.
     2 | D        | Found an ancient bone altar of Kikubaaqudgha.
     2 | D        | Found a viscous altar of Jiyva.
     2 | D        | Found a corrupted altar of Lugonu.
     2 | D        | Found a hazy altar of Hepliaklqana.
     2 | D        | Found a burning altar of Makhleb.
     2 | D        | Found an opulent altar of Gozag.
    28 | D        | Reached XP level 2. HP: 14/14 MP: 3/3
    35 | D        | Became a worshipper of Dithmenos the Shadowed
    49 | D        | Entered arena 2.
    49 | D        | Noticed a phantom
    49 | D        | Found a transporter.
    62 | D        | Reached skill level 6 in Stealth
    64 | D        | Killed a phantom
    64 | D        | Reached * piety under Dithmenos
    64 | D        | Reached skill level 11 in Stealth
    64 | D        | Reached XP level 3. HP: 14/18 MP: 4/4
    64 | D        | Reached XP level 4. HP: 19/23 MP: 5/5
   122 | D        | Entered arena 3.
   122 | D        | Noticed an air elemental
   122 | D        | Noticed an air elemental
   122 | D        | Noticed an insubstantial wisp
   122 | D        | Found a transporter.
   131 | D        | Killed an insubstantial wisp
   131 | D        | Reached skill level 12 in Stealth
   131 | D        | Slain by an air elemental

Skill      XL: |  1  2  3  4 |
---------------+-------------+-----
Short Blades   | 8 |  8.7
Stealth        | 11 12 | 12.4
Fighting       | 2 |  2.1
Dodging        | 2 |  2.1
Throwing       | |  2.7

Action                   |  1- 3 |  4- 6 || total
-------------------------+-------+-------++-------
Melee: Quick blade       |    10 |     4 ||    14
  Use: Potion            |     2 |       ||     2
Armor: Robe              |     3 |       ||     3
Dodge: Dodged            |    11 |     7 ||    18
